 Dungeon Crawl Stone Soup version 0.24.1 (webtiles) character file.

Game seed: 17637591249536280755, levelgen mode: deterministic

50 Destapler the Ducker (level 3, -3/28 HPs)
             Began as a Gnoll Wanderer on Apr 4, 2020.
             Slain by a wight
             ... wielding a +0 battleaxe
              (10 damage)
             ... on level 2 of the Dungeon.
             The game lasted 00:02:34 (849 turns).

Destapler the Ducker (Gnoll Wanderer)                Turns: 849, Time: 00:02:35

Health: -3/28      AC:  2    Str: 13 (14) XL:     3   Next: 79%
Magic:  9/9        EV: 15    Int: 13 (16) God:
Gold:   34         SH:  0    Dex: 12 (13) Spells: 10/12 levels left

rFire    . . .     SeeInvis .   a - +0 spear
rCold    . . .     Gourm    .   (no shield)
rNeg     . . .     Faith    .   d - +0 robe
rPois    .         Spirit   .   (no helmet)
rElec    .         Reflect  .   (no cloak)
rCorr    .         Harm     .   (no gloves)
MR       .....                  (no boots)
Stlth    ++........             (no amulet)
HPRegen  0.09/turn              (no ring)
MPRegen  0.11/turn              (no ring)

@: very slightly contaminated, invisible (expiring)
A: distributed training, fangs 1, strong nose
a: no special abilities


You were on level 2 of the Dungeon.
You were not hungry.

You visited 1 branch of the dungeon, and saw 2 of its levels.

You collected 34 gold pieces.

Inventory:

Hand Weapons
 a - a +0 spear (weapon)
 h - a +0 dagger of flaming
Armour
 d - a +0 robe (worn)
Wands
 c - a wand of random effects (15)
Scrolls
 b - 3 scrolls of identify {unknown}
 g - a scroll of remove curse {unknown}
 l - a scroll of teleportation {unknown}
Potions
 j - a potion of lignification
Comestibles
 f - 2 rations


   Skills:
 + Level 2.6 Fighting
 + Level 0.9 Short Blades
 + Level 0.9 Long Blades
 + Level 0.9 Axes
 + Level 0.9 Maces & Flails
 + Level 0.9 Polearms
 + Level 0.9 Staves
 + Level 0.9 Slings
 + Level 0.9 Bows
 + Level 0.9 Crossbows
 + Level 0.9 Throwing
 + Level 0.9 Armour
 + Level 6.5 Dodging
 + Level 2.4 Stealth
 + Level 2.6 Shields
 + Level 0.9 Unarmed Combat
 + Level 5.0 Spellcasting
 + Level 0.6 Conjurations
 + Level 0.6 Hexes
 + Level 0.6 Charms
 + Level 0.6 Summonings
 + Level 0.6 Necromancy
 + Level 2.1 Translocations
 + Level 0.6 Transmutations
 + Level 0.6 Fire Magic
 + Level 0.6 Ice Magic
 + Level 0.6 Air Magic
 + Level 0.6 Earth Magic
 + Level 0.6 Poison Magic
 + Level 1.0 Invocations
 + Level 2.6 Evocations


You had 10 spell levels left.
You knew the following spells:

 Your Spells              Type           Power        Failure   Level  Hunger
B - Blink                 Tloc           N/A          12%         2    ##.....

Your spell library contained the following spells:

 Spells                   Type           Power        Failure   Level  Hunger
 Shroud of Golubria       Chrm/Tloc      #.....       16%         2    ##.....
 Gell's Gravitas          Tloc           #.........   22%         3    ###....
 Lesser Beckoning         Tloc           #.........   22%         3    ###....
 Teleport Other           Tloc           #.......     22%         3    ###....
 Passage of Golubria      Tloc           N/A          58%         4    ####...


Dungeon Overview and Level Annotations

Branches:
Dungeon (2/15)

Altars:


Innate Abilities, Weirdness & Mutations

Your experience applies equally to all skills.
You have very sharp teeth.
Your uncanny sense of smell can sniff out nearby items.


Message History

The wight is severely damaged.
The wight hits you with a +0 battleaxe!
* * * LOW HITPOINT WARNING * * *
You are too injured to fight recklessly!
You are too injured to fight recklessly!
You are too injured to fight recklessly!
You are too injured to fight recklessly!
You are too injured to fight recklessly!
You are too injured to fight recklessly!
Okay, then.
You hit the wight but do no damage.
The wight is severely damaged.
You closely miss the wight.
The wight is severely damaged.
The wight completely misses you.
You barely miss the wight.
The wight is severely damaged.
You flicker for a moment.
The wight hits you with a +0 battleaxe!
You die...

### ####@########
#..z...........#
#.##.#########.#
#.##.#######.#.#
#.#.....z....#.#
#.##########.#.# #.#
#.#.#
##.##########.#.#
#............z#.######


You could see a wight.

Vanquished Creatures
  A wight (D:1)
  An ooze (D:1)
  A hobgoblin (D:1)
  A bat (D:1)
  A goblin (D:1)
  A kobold (D:1)
  3 rats (D:1)
9 creatures vanquished.

Notes
Turn   | Place    | Note
-------+----------+-------------------------------------------
     0 | D:1      | Destapler the Gnoll Wanderer began the quest for the Orb.
     0 | D:1      | Destapler set off with the following items: a +0 spear, a
                  | wand of random effects (15), a +0 robe, a ration; and the
                  | following spells available to memorise: Blink, Shroud of
                  | Golubria, Gell's Gravitas, Lesser Beckoning, Teleport
                  | Other, Passage of Golubria
     0 | D:1      | Reached XP level 1. HP: 17/17 MP: 6/6
   244 | D:1      | Reached XP level 2. HP: 23/23 MP: 7/7
   254 | D:1      | Learned a level 2 spell: Blink
   729 | D:2      | Noticed a wight
   729 | D:2      | Noticed a wight
   729 | D:2      | Noticed a wight
   729 | D:2      | Noticed a wight
   813 | D:1      | Killed a wight
   813 | D:1      | Reached skill level 5 in Spellcasting
   813 | D:1      | Reached skill level 1 in Invocations
   813 | D:1      | Reached XP level 3. HP: 28/28 MP: 7/9
   849 | D:2      | Slain by a wight

Levels and vault maps discovered:
D:1:      minmay_arrival_wavy_path, layout_basic
D:2:      layout_basic, kennysheep_okawaru_gauntlet

Skill      XL: |  1  2 |
---------------+-------+-----
Translocations | 2 |  2.1
Spellcasting   | 5 |  5.0
Invocations    | 1 |  1.0
Fighting       | |  2.6
Short Blades   | |  0.9
Long Blades    | |  0.9
Axes           | |  0.9
Maces & Flails | |  0.9
Polearms       | |  0.9
Staves         | |  0.9
Slings         | |  0.9
Bows           | |  0.9
Crossbows      | |  0.9
Throwing       | |  0.9
Armour         | |  0.9
Dodging        | |  6.5
Stealth        | |  2.4
Shields        | |  2.6
Unarmed Combat | |  0.9
Conjurations   | |  0.6
Hexes          | |  0.6
Charms         | |  0.6
Summonings     | |  0.6
Necromancy     | |  0.6
Transmutations | |  0.6
Fire Magic     | |  0.6
Ice Magic      | |  0.6
Air Magic      | |  0.6
Earth Magic    | |  0.6
Poison Magic   | |  0.6
Evocations     | |  2.6

Action                   || total
-------------------------++-------
Melee: Spear             ||    49
       Bite              ||     4
  Use: Potion            ||     4
 Stab: Sleeping          ||     2
       Invisible         ||     2
Armor: Skin              ||     8
       Robe              ||     1
Dodge: Dodged            ||    23
